[Event "Late-Titled-Tuesday-Blitz-February-27-2024"]
[Site "Chess.com"]
[Date "2024.02.27"]
[Round "2"]
[White "Abund"]
[Black "Pelusiansky"]
[Result "1/2-1/2"]
[WhiteElo "2764"]
[BlackElo "2546"]
[TimeControl "180+1"]
[EndTime "14:19:31 PST"]
[Termination "Game drawn by stalemate"]

1. e4 c6 2. Nf3 d5 3. d3 g6 4.
Nbd2 Bg7 5. g3 e5 6. Bg2 Ne7 7. O-O O-O 8. Re1 d4 9. Nc4 b5 10. Ncd2 a6 11. a4 Bb7 12. b4 Nd7 13. Nb3 Qc7 14.
Bg5 f6 15. Bd2 c5 16. axb5 axb5 17. bxc5 Nxc5 18. Qb1 Na4 19. Bb4 Rfc8 20. Rc1 Nc3 21. Bxc3 Qxc3 22. Ra2 Nc6 23. Qb2 Rxa2 24. Qxa2 Ra8 25.
Qb1 Nb4 26. Na1 Kh8 27. Ne1 Bh6 28. Rd1 Bc8 29. Qb3 Kg7 30. Rb1 Ra4 31. Bf3 Bd2 32. Qxc3 Bxc3 33. Nb3 Bxe1 34. Rxe1 Nxc2 35. Rc1 Ra2 36. Bd1 Nb4 37. Rxc8 Nxd3 38. Rc2 Ra3 39. Rc7+ Kh6 40. Bc2 Nb4 41. Bd1 d3 42. Kf1 Nc2 43. Bxc2 dxc2 44. Nc1 b4 45. Rxc2 b3 46. Rb2 Ra1 47.
Kg2 Rxc1 48. Rxb3 Rc4 49. Re3 Kg7 50. h4 Rc5 51. Kf3 f5 52. exf5 gxf5 53. Ra3 Rc7 54. Ra5 Kf6 55. Ra6+ Kg7 56. Ke3 Kf7 57. Rh6 Kg7 58.
Re6 Rc3+ 59. Kd2 Rc5 60. Kd3 Ra5 61. Ke3 Ra3+ 62. Ke2 Ra5 63. Kd3 Kf7 64. Rh6 Kg7 65. Rc6 Rb5 66. Rc2 Ra5 67. Kc4 Kf6 68. Kb4 Ra6 69.
Kb5 Rd6 70. Rc6 Ke6 71. Kc5 Rxc6+ 72. Kxc6 e4 73. Kc5 Ke5 74. Kc6 f4 75. gxf4+ Kxf4 76. Kd5 h5 77. Kd4 Kf3 78. Ke5 Kxf2 79. Kxe4 Kg3 80.
Ke3 Kxh4 81. Kf2 Kh3 82. Kg1 Kg3 83. Kh1 h4 84. Kg1 h3 85. Kh1 h2 1/2-1/2

[Event "Late-Titled-Tuesday-Blitz-February-27-2024"]
[Site "Chess.com"]
[Date "2024.02.27"]
[Round "2"]
[White "RantomOpening"]
[Black "Kirill_Klukin"]
[Result "1/2-1/2"]
[WhiteElo "2573"]
[BlackElo "2847"]
[TimeControl "180+1"]
[EndTime "14:19:47 PST"]
[Termination "Game drawn by 50-move rule"]

1. c4 e5 2. Nc3 Nf6 3. Nf3 Nc6 4. e3 Bb4 5. Qc2 a5 6. Nd5 d6 7. a3 Bc5 8. Bd3 Bg4 9. Nxf6+ Qxf6 10. Be4 Bh5 11.
b3 Bg6 12. Bb2 Bxe4 13. Qxe4 Qg6 14. Qxg6 hxg6 15. d4 exd4 16. exd4 Bb6 17. d5 Ne7 18. Bd4 Bxd4 19. Nxd4 Kd7 20. Kd2 Rh4 21. Nf3 Nf5 22.
Nxh4 Nxh4 23. g3 Nf3+ 24. Ke3 Ne5 25. f4 Ng4+ 26. Kf3 f5 27. Rae1 Nf6 28. Re6 c6 29.
Rhe1 cxd5 30. Re7+ Kc6 31. cxd5+ Nxd5 32. Rc1+ Kb6 33. Rd7 Nf6 34. Rxd6+ Ka7 35. Rc7 Ne8 36.
Rdd7 Nxc7 37. Rxc7 Rd8 38. Ke3 Rd1 39. Rxg7 Rb1 40. Rxg6 Rxb3+ 41. Kd2 Rxa3 42. h4 b5 43. h5 Ra2+ 44. Kc1 Rh2 45. h6 a4 46. g4 fxg4 47. f5 a3 48. Kb1 b4 49. Rxg4 a2+ 50.
Ka1 b3 51. Ra4+ Kb6 52. Rb4+ Kc5 53. Rxb3 Rxh6 54. Kxa2 Rf6 55. Rf3 Kd5 56. Kb3 Ke4 57.
Rf1 Rxf5 58. Re1+ Kd5 59. Kc3 Rf3+ 60. Kb4 Rf4+ 61. Kb5 Rf2 62. Rb1 Rf8 63. Ka6 Kc6 64.
Rc1+ Kd5 65. Kb7 Kd4 66. Rd1+ Kc3 67. Rh1 Rf7+ 68. Kc6 Kc4 69. Rc1+ Kd4 70. Kd6 Rf6+ 71. Ke7 Rh6 72. Kf7 Rh7+ 73. Kg6 Ra7 74. Rb1 Ke5 75. Re1+ Kf4 76. Rf1+ Kg4 77. Rb1 Ra6+ 78. Kf7 Kf5 79. Ke7 Ke5 80. Re1+ Kd5 81. Kf7 Ra7+ 82. Kf6 Ra6+ 83. Kf5 Ra2 84. Rd1+ Kc4 85. Ke6 Re2+ 86. Kd6 Rh2 87. Rc1+ Kd4 88. Ra1 Rh6+ 89. Ke7 Ke5 90. Ra4 Rh7+ 91. Kf8 Rb7 92. Ra1 Ke6 93. Kg8 Kf6 94. Rg1 Rb8+ 95. Kh7 Ra8 96. Rf1+ Kg5 97. Rb1 Ra7+ 98. Kg8 Kf6 99. Rb6+ Kg5 100. Kf8 Kf5 101. Ke8 Ke5 102. Kd8 Ra8+ 103. Kc7 Rh8 104. Rb1 Kd5 105. Rb5+ Kc4 106. Rg5 Rh7+ 107. Kd6 Kd4 1/2-1/2

[Event "Late-Titled-Tuesday-Blitz-February-27-2024"]
[Site "Chess.com"]
[Date "2024.02.27"]
[Round "2"]
[White "JackRodgers"]
[Black "IngOscarArdila"]
[Result "1-0"]
[WhiteElo "2513"]
[BlackElo "2293"]
[TimeControl "180+1"]
[EndTime "14:19:47 PST"]
[Termination "JackRodgers won on time"]

1. d4 Nf6 2. Bg5 e6 3. e4 Be7 4. e5 Nd5 5. Bxe7 Qxe7 6. c4 Nb6 7. Nc3 Qb4 8. Qb3 a5 9. Nf3 O-O 10. Bd3 Nc6 11. O-O Qxb3 12. axb3 Nb4 13. Be4 d5 14. exd6 cxd6 15. Nb5 d5 16. cxd5 N6xd5 17. Ne5 Rd8 18. Rfd1 Bd7 19. Nc3 Be8 20. Nc4 Nc6 21.
Bxd5 exd5 22. Nb6 Ra6 23. Nbxd5 Kf8 24. Nc7 Rb6 25. d5 Ne5 26. Nxe8 Rxe8 27. Rxa5 Rxb3 28. d6 Nd7 29. h3 Rxb2 30. Nd5 f6 31. Ne7 Kf7 32.
Ra4 g6 33. Rc4 Rd8 34. Rc7 Ke6 35. Rc3 Re2 36. Kf1 Re5 37. Rc7 Rb8 38. f4 Re4 39. g3 f5 40. Kf2 Rb4 41. Rc2 Re4 42. Kf3 Rb4 43. Re2+ Re4 44. Rxe4+ fxe4+ 45. Kxe4 Nf6+ 46. Kf3 b5 47. Nc6 Rc8 48. Ne5 Rc3+ 49. Kg2 Nd7 50.
Nc6 Rxc6 51. Rb1 Kxd6 52. Rxb5 Rc2+ 53. Kf3 Kc6 54. Ra5 Rb2 55. Ra6+ Rb6 56. Ra7 Rb3+ 57.
Kg4 Rb5 58. Ra8 h5+ 59. Kh4 Kd6 60. Rg8 Ke7 61. Rxg6 Nf6 62. Rg7+ Kf8 63. Ra7 Rd5 64. g4 hxg4 65. hxg4 Rd4 66. Kg5 Nd5 67. f5 Ne3 68. Kg6 Rxg4+ 69. Kf6 Nd5+ 70. Ke6 Nf4+ 71. Ke5 Nd3+ 72.
Kf6 Ke8 73. Ra8+ Kd7 74. Ra7+ Kd6 75. Ra8 Rf4 76. Rd8+ Kc7 77. Rxd3 Rf1 78. Ke6 Re1+ 79. Kf7 Rf1 80. f6 Kc8 81. Ke7 Re1+ 82. Kf8 Rf1 83.
f7 Kc7 84. Rg3 Kd7 85. Kg8 Ke7 86. Re3+ Kd8 87. f8=Q+ 1-0

[Event "Late-Titled-Tuesday-Blitz-February-27-2024"]
[Site "Chess.com"]
[Date "2024.02.27"]
[Round "2"]
[White "arenal72"]
[Black "vugarrasulov"]
[Result "1/2-1/2"]
[WhiteElo "2618"]
[BlackElo "2991"]
[TimeControl "180+1"]
[EndTime "14:19:50 PST"]
[Termination "Game drawn by repetition"]

1. Nf3 Nf6 2. g3 b5 3. Bg2 Bb7 4. O-O e6 5. d3 d5 6. Nbd2 Nbd7 7. c3 c5 8. Qc2 Be7 9. e4 Rc8 10. Re1 O-O 11. e5 Ne8 12. h4 Nb6 13. b3 d4 14. c4 bxc4 15. bxc4 Bc6 16. Ne4 Bxe4 17.
Rxe4 Qd7 18. Bg5 h6 19. Bxe7 Qxe7 20. Qd2 Na4 21. Rg4 Kh8 22. Rb1 Nc3 23. Rb3 Nc7 24. Nh2 Rb8 25. Rf4 Rxb3 26. axb3 f5 27. exf6 Rxf6 28.
Ng4 Rxf4 29. gxf4 Qxh4 30. Ne5 Kg8 31. Kf1 Ne8 32. Nd7 Qh5 33. Qe1 Qf5 34. Qe5 Qxd3+ 35. Kg1 Qf5 36. Qb8 Qh5 37. Nxc5 Kh7 38. Ne4 Nxe4 39.
Bxe4+ Kg8 40. Qc8 Qg4+ 41. Bg2 Kf7 42. Qd7+ Kf8 43. Qxd4 a5 44. c5 Qf5 45. c6 Ke7 46.
Qd7+ Kf8 47. c7 Nxc7 48. Qxc7 Qb1+ 49. Kh2 Qxb3 50. Qc5+ Kf7 51. Qxa5 Qc4 52. Qa7+ Kf6 53. Qe3 Qb5 54. Bf3 Qf5 55. Qd4+ Kf7 56. Qd7+ Kf6 57. Qd4+ Kf7 58. Qe5 Qd3 59. Bh5+ g6 60. Bg4 Qc4 61. Kg3 h5 62. Bf3 Qc1 63. Bg2 Qa3+ 64. Qe3 Qd6 65. Qa7+ Kf6 66. Qa1+ Kf7 67. Qh8 Qd3+ 68. Kh2 Qd6 69.
Qh7+ Kf6 70. Qh6 Qd4 71. Qg5+ Kf7 72. Bh3 Qxf2+ 73. Bg2 Qd4 74. Bf3 Qb2+ 75. Kg3 Qc1 76. Qa5 Qg1+ 77. Kh3 Qe3 78. Qc7+ Kf6 79. Qd8+ Kf7 80.
Qd7+ Kf8 81. Qd8+ Kf7 82. Qd7+ Kf6 83. Qd8+ Kg7 84. Qe7+ Kg8 85. Qe8+ Kg7 86. Qe7+ Kh6 87. Qg5+ Kh7 88. Qe7+ Kg8 89. Kg3 Qe1+ 90. Kg2 Qd2+ 91. Kg3 Qe1+ 92. Kg2 Qe3 93. Qf6 Kh7 94. Qf7+ Kh6 95.
Qf8+ Kh7 96. Qf7+ Kh6 97. Qf8+ Kh7 98. Qf7+ 1/2-1/2

[Event "Late-Titled-Tuesday-Blitz-February-27-2024"]
[Site "Chess.com"]
[Date "2024.02.27"]
[Round "2"]
[White "Felix-Rose"]
[Black "ural58"]
[Result "0-1"]
[WhiteElo "2262"]
[BlackElo "2507"]
[TimeControl "180+1"]
[EndTime "14:19:52 PST"]
[Termination "ural58 won on time"]

1. e4 d5 2. exd5 Qxd5 3. Nc3 Qa5 4. Bc4 Nf6 5. d3 Bg4 6. f3 Be6 7. Bd2 Bxc4 8. dxc4 Qc5 9. Qe2 Nc6 10. O-O-O Nd4 11. Qf1 O-O-O 12. Kb1 Qf5 13. Qd3 Qxd3 14. cxd3 e6 15. Be3 Nf5 16. Bf2 a6 17. Nge2 h5 18. a3 g6 19. Ne4 Bg7 20. Ng5 Rhf8 21. d4 Bh6 22. Ne4 Nxe4 23. fxe4 Ne3 24. Bxe3 Bxe3 25.
Rd3 Bh6 26. Rf1 f5 27. Rdf3 Bg7 28. d5 fxe4 29. Rxf8 Rxf8 30. Rxf8+ Bxf8 31. dxe6 Kd8 32. Nc3 e3 33. Kc2 Ke7 34. Nd5+ Kxe6 35. Nxc7+ Ke5 36.
Kd3 Bh6 37. Nd5 e2 38. Kxe2 Kd4 39. b3 b5 40. Nc7 bxc4 41. bxc4 a5 42. Nd5 Kxc4 43.
Ne7 g5 44. Nc6 a4 45. Kd2 Bf8 46. Kc2 Bxa3 47. Ne5+ Kd5 48. Nf3 Be7 49. Nd2 Kd4 50. Nf1 Bd6 51. Nd2 g4 52. h3 g3 53. Nf1 h4 54.
Nd2 Be7 55. Nf1 Bg5 56. Kd1 a3 57. Kc2 a2 58. Kb2 Kd3 59. Kxa2 Ke2 60. Nxg3+ hxg3 61. Kb2 Kf2 62. h4 Bxh4 63. Kc2 Kxg2 64. Kd2 Kh1 65. Ke2 g2 66. Kf3 g1=Q 67. Kf4 Qg5+ 68. Kf3 Qf5+ 69. Ke2 Kg2 70. Kd2 Qf3 71. Kc2 Kg3 72.
Kd2 Kf4 73. Kc2 Ke4 74. Kd2 Kd4 75. Kc2 Qc3+ 76. Kd1 Qc4 77. Kd2 Bd8 78. Kd1 Qa2 79. Ke1 Ke3 0-1

[Event "Late-Titled-Tuesday-Blitz-February-27-2024"]
[Site "Chess.com"]
[Date "2024.02.27"]
[Round "2"]
[White "PapiPapita"]
[Black "LikeWater"]
[Result "1-0"]
[WhiteElo "2402"]
[BlackElo "2676"]
[TimeControl "180+1"]
[EndTime "14:20:11 PST"]
[Termination "PapiPapita won on time"]

1. Nf3 Nf6 2. b3 d6 3. d4 g6 4. Bb2 Bg7 5. Nbd2 O-O 6. e3 c5 7.
c4 cxd4 8. Nxd4 e5 9. N4f3 e4 10. Ng5 Re8 11. Qc2 Bf5 12. Be2 h6 13. g4 Nxg4 14.
Bxg7 Kxg7 15. Ngxe4 Nf6 16. Bd3 Nc6 17. Qc3 Ne5 18. Bc2 Nxe4 19. Bxe4 Qf6 20. O-O-O Bg4 21. f3 Bh5 22. Bxb7 Rab8 23. Ne4 Qe7 24. f4 Bxd1 25.
Rxd1 Rxb7 26. Nxd6 f6 27. Nxb7 Qxb7 28. fxe5 Rxe5 29.
Qd4 Re7 30. c5 g5 31. Kb2 Qc7 32. Rd2 h5 33. Qd6 h4 34. Qxc7 Rxc7 35. b4 Kf7 36. e4 Ke6 37. Rd5 g4 38. Kc3 g3 39. hxg3 hxg3 40. Rd1 Ke5 41. Rg1 Kf4 42. Kc4 Kf3 43.
b5 Kf2 44. Rd1 g2 45. c6 a6 46. a4 axb5+ 47. axb5 Re7 48. b6 Rxe4+ 49. Kd5 Re1 50. Rd2+ Re2 51. Rd1 Re1 52. Rxe1 Kxe1 53. b7 g1=Q 54.
b8=Q Qg2+ 55. Kc5 Qc2+ 56. Kb6 Qb2+ 57. Kc7 Qe5+ 58. Kb7 Qb5+ 59. Kc7 Qe5+ 60. Kc8 Qe8+ 61. Kb7 Qe4 62. Qd6 f5 63. Kb6 Qb1+ 64. Ka7 Qa2+ 65.
Kb8 Qb3+ 66. Kc8 Qg8+ 67. Kd7 Qf7+ 68. Qe7+ Qxe7+ 69. Kxe7 f4 70. c7 f3 71. c8=Q f2 72. Qc1+ Ke2 73. Qc4+ Ke1 74. Qc3+ Ke2 75. Qc4+ Ke1 76.
Qe4+ Kf1 77. Kf6 Kg1 78. Qg4+ Kh1 79. Qh3+ Kg1 80. Qe3 Kg2 81. Qe2 Kg1 82. Qd2 f1=Q+ 83. Kg5 Qb5+ 84. Kg4 Qc4+ 85. Qf4 Qg8+ 86. Qg5 Qc8+ 87.
Kf3+ Kf1 88. Qg2+ 1-0

[Event "Late-Titled-Tuesday-Blitz-February-27-2024"]
[Site "Chess.com"]
[Date "2024.02.27"]
[Round "2"]
[White "Eeleyah"]
[Black "Zavgorodniy_Sergiy"]
[Result "0-1"]
[WhiteElo "2327"]
[BlackElo "2626"]
[TimeControl "180+1"]
[EndTime "14:21:20 PST"]
[Termination "Zavgorodniy_Sergiy won by checkmate"]

1. d4 d5 2. c4 dxc4 3. Nf3 Nf6 4. e3 e6 5. Bxc4 a6 6. O-O b5 7. Bd3 Bb7 8. b3 Nbd7 9. Bb2 c5 10. Qe2 Be7 11. Nbd2 O-O 12. Rac1 Qb6 13. e4 cxd4 14. e5 Nd5 15. Qe4 g6 16. Bxd4 Bc5 17. Bxc5 Nxc5 18. Rxc5 Qxc5 19. Qh4 Kg7 20. Ne4 Qe7 21. Qg3 Nb4 22.
Bb1 Bxe4 23. Bxe4 Rad8 24. h4 h5 25. Ng5 Nd5 26. Bb1 Rc8 27. Ne4 Rc7 28. f4 b4 29.
Bd3 a5 30. Bc4 Rd8 31. Bxd5 exd5 32. Nf6 Rc3 33. Qg5 Rh8 34. Nxh5+ Kf8 35. Nf6 Qc5+ 36. Kh2 Qc7 37. Nxd5 Qc8 38. Nf6 Qf5 39. Qxf5 gxf5 40. Rd1 Rxh4+ 41. Kg1 Kg7 42. Rd8 Rh8 43. Rd7 Rc6 44.
Nd5 Rg6 45. Kf2 Rg4 46. g3 Rh2+ 47. Kf3 Rh3 48. Ne7 Rgxg3+ 49. Kf2 Rf3+ 50. Kg2 Rhg3+ 51. Kh2 Rg4 52. Nxf5+ Kg6 53. Ne7+ Kh5 54. Ng8 Rgxf4 55.
Nf6+ Kg6 56. Rd8 Rf2+ 57. Kg3 R2f3+ 58. Kg2 Kf5 59. Nh7 Kxe5 60. Re8+ Kd6 61. Rf8 Ke7 62. Rb8 Rf2+ 63. Kg3 Rf5 64. Rb7+ Ke6 65. Rb6+ Kd5 66. Nf8 Kc5 67. Rb8 R2f3+ 68. Kg4 R5f4+ 69. Kg5 f6+ 70.
Kg6 Rg4+ 71. Kf7 Rf2 72. Ne6+ Kd5 73. Rb5+ Ke4 74. Rxa5 Rgg2 75. Ra4 Rxa2 76. Rxb4+ Kd3 77. Nf4+ Kc3 78. Rc4+ Kxb3 79. Re4 Rgf2 80. Kxf6 Ra4 81. Ke5 Rxe4+ 82. Kxe4 Rf1 83. Nd3 Kc3 84. Ne5 Re1+ 85.
Kd5 Re2 86. Nc6 Rd2+ 87. Kc5 Rd3 88. Ne5 Re3 89. Nc6 Rh3 90. Ne5 Rh5 91. Kd5 Rg5 92. Ke4 Rg8 93. Kd5 Rd8+ 94. Ke4 Rd4+ 95. Kf5 Ra4 96. Ke6 Kd4 97. Nc6+ Kc5 98. Ne5 Re4 99.
Kf5 Kd5 100. Nf3 Re3 101. Kf4 Re2 102. Kg3 Ke4 103. Ng5+ Kf5 104. Nf3 Re3 105. Kf2 Kf4 106. Nd4 Rd3 107. Ne2+ Ke4 108. Ng3+ Kd4 109. Ne2+ Ke5 110. Ng3 Ra3 111. Ne2 Ra2 112. Ke3 Ra3+ 113. Kf2 Kd5 114. Nf4+ Ke4 115. Ne2 Rf3+ 116. Ke1 Kd3 117. Nc1+ Ke3 118. Ne2 Rh3 119. Kf1 Rh2 120. Ng1 Rd2 121. Ke1 Ra2 122. Kf1 Rb2 123. Nh3 Rh2 124. Ng1 Rc2 125. Ke1 Rc1# 0-1

[Event "Late-Titled-Tuesday-Blitz-February-27-2024"]
[Site "Chess.com"]
[Date "2024.02.27"]
[Round "3"]
[White "Rud_2008"]
[Black "Jospem"]
[Result "1-0"]
[WhiteElo "2731"]
[BlackElo "3071"]
[TimeControl "180+1"]
[EndTime "14:24:06 PST"]
[Termination "Rud_2008 won by resignation"]

1. e4 c5 2. Nf3 d6 3. Bb5+ Nd7 4. Ba4 Nf6 5. O-O e6 6. Re1 a6 7. c3 b5 8. Bc2 c4 9. a4 Bb7 10. d4 cxd3 11. Bxd3 bxa4 12. Qxa4 Be7 13. h3 O-O 14. Be3 Qc7 15. Nbd2 d5 16. e5 Nxe5 17. Nxe5 Qxe5 18. Bf4 Qh5 19. Re5 Rfc8 20. Rxh5 Nxh5 21. Be3 Nf6 22.
Nf3 Nd7 23. Qxd7 1-0

[Event "Late-Titled-Tuesday-Blitz-February-27-2024"]
[Site "Chess.com"]
[Date "2024.02.27"]
[Round "3"]
[White "Charodej1"]
[Black "HaryKane"]
[Result "1-0"]
[WhiteElo "2315"]
[BlackElo "2585"]
[TimeControl "180+1"]
[EndTime "14:24:13 PST"]
[Termination "Charodej1 won by resignation"]

1. e4 e6 2. d4 d5 3. Nd2 dxe4 4. Nxe4 Nd7 5. Nf3 Ngf6 6. Nxf6+ Nxf6 7. Bd3 c5 8. c3 cxd4 9. Nxd4 Be7 10. O-O O-O 11. Bg5 b6 12. Nc6 Qc7 13. Nxe7+ Qxe7 14. Qf3 Bb7 15. Bxf6 gxf6 16. Qg3+ Kh8 17. Qh4 1-0

[Event "Late-Titled-Tuesday-Blitz-February-27-2024"]
[Site "Chess.com"]
[Date "2024.02.27"]
[Round "3"]
[White "BabageldiAnnaberdiyev"]
[Black "FuenfgegenWilly"]
[Result "1/2-1/2"]
[WhiteElo "2640"]
[BlackElo "2463"]
[TimeControl "180+1"]
[EndTime "14:24:14 PST"]
[Termination "Game drawn by repetition"]

1. e4 e5 2. Nf3 Nc6 3. Bc4 Nf6 4. d4 exd4 5. O-O Nxe4 6. Re1 d5 7. Bxd5 Qxd5 8.
Nc3 Qh5 9. Nxe4 Be6 10. Bg5 Bd6 11. Nxd6+ cxd6 12. Bf4 Qd5 13. c3 Rc8 14. Nxd4 Nxd4 15.
Qxd4 Qxd4 16. cxd4 Kd7 17. Bd2 Bd5 18. Bc3 h5 19. a3 Rhe8 20. f3 Kc6 21. Kf2 Kb5 22. Rxe8 Rxe8 23. Bb4 Bc4 24. Re1 Rxe1 25. Kxe1 d5 26.
Kd2 a5 27. Bf8 g6 28. g3 a4 29. Kc3 Ba2 30. f4 Bb1 31. Bg7 Bf5 32. Be5 Be4 33.
Bf6 Bf5 34. Be5 Be4 35. Bf6 Bf5 36. Be5 1/2-1/2

[Event "Late-Titled-Tuesday-Blitz-February-27-2024"]
[Site "Chess.com"]
[Date "2024.02.27"]
[Round "3"]
[White "Sjakkerntobi"]
[Black "miraitrunks"]
[Result "1-0"]
[WhiteElo "2457"]
[BlackElo "2210"]
[TimeControl "180+1"]
[EndTime "14:24:14 PST"]
[Termination "Sjakkerntobi won by resignation"]

1. e4 c5 2. Nf3 d6 3. b4 Nf6 4.
e5 Nd5 5. bxc5 dxc5 6. Bc4 Nc6 7. O-O Bg4 8. Re1 e6 9. h3 Bh5 10. Bb2 Be7 11. d3 O-O 12. Nbd2 a6 13. a4 Rb8 14.
Ne4 b5 15. axb5 axb5 16. Bb3 Nd4 17. Bxd4 cxd4 18. g4 Bg6 19. Nxd4 Nf4 20. Nc6 Qb6 21. Nxe7+ Kh8 22. Nxg6+ fxg6 23. Re3 1-0

[Event "Late-Titled-Tuesday-Blitz-February-27-2024"]
[Site "Chess.com"]
[Date "2024.02.27"]
[Round "3"]
[White "GlavkonVVS"]
[Black "IngOscarArdila"]
[Result "1-0"]
[WhiteElo "2515"]
[BlackElo "2289"]
[TimeControl "180+1"]
[EndTime "14:24:22 PST"]
[Termination "GlavkonVVS won by resignation"]

1. c4 Nf6 2. Nc3 g6 3. d4 Bg7 4. Nf3 d6 5. Bg5 O-O 6. e3 Nbd7 7. h3 b6 8. Be2 Bb7 9. O-O c5 10. d5 h6 11. Bh4 Re8 12. e4 a6 13. a4 Qc7 14. Nd2 g5 15. Bg3 Ne5 16. f4 gxf4 17.
Bxf4 Ng6 18. Bh2 Nd7 19. Bh5 Bd4+ 20. Kh1 Nde5 21. Nf3 Kg7 22. Nxd4 cxd4 23. Qxd4 Qxc4 24. Bxe5+ Nxe5 25. Rxf7+ Kg8 26. Qf2 Nxf7 27. Qxf7+ Kh8 28. Bg6 1-0

[Event "Late-Titled-Tuesday-Blitz-February-27-2024"]
[Site "Chess.com"]
[Date "2024.02.27"]
[Round "3"]
[White "JosephRyan"]
[Black "PapaieDudu"]
[Result "1-0"]
[WhiteElo "2194"]
[BlackElo "2392"]
[TimeControl "180+1"]
[EndTime "14:24:39 PST"]
[Termination "JosephRyan won by checkmate"]

1. e4 c5 2. c3 Nf6 3. e5 Nd5 4. Nf3 e6 5. g3 Nc6 6. Bg2 Be7 7. O-O O-O 8. d4 cxd4 9. cxd4 b6 10. Nc3 Bb7 11. Nxd5 exd5 12. h4 h6 13. Bf4 Rc8 14.
Qd2 Re8 15. Bxh6 gxh6 16. Qxh6 Bf8 17. Qh5 Qe7 18. Ng5 Bg7 19. Bxd5 Nd8 20. Bxb7 Nxb7 21. Qh7+ Kf8 22. Qf5 Kg8 23. Rae1 Na5 24. Re4 Nc6 25. Rg4 Nd8 26. Qh7+ Kf8 27. Ne4 Ne6 28. Rxg7 Qb4 29. Rxf7# 1-0

[Event "Late-Titled-Tuesday-Blitz-February-27-2024"]
[Site "Chess.com"]
[Date "2024.02.27"]
[Round "3"]
[White "GianmarcoVaR"]
[Black "LiemLe"]
[Result "0-1"]
[WhiteElo "2708"]
[BlackElo "3057"]
[TimeControl "180+1"]
[EndTime "14:24:48 PST"]
[Termination "LiemLe won by resignation"]

1. e4 c5 2. Nf3 Nc6 3. Bb5 g6 4. O-O Bg7 5. Re1 e5 6. c3 Nge7 7. d4 cxd4 8. cxd4 Nxd4 9. Nxd4 exd4 10. Nd2 O-O 11. Nf3 d5 12. e5 Bg4 13. h3 Bxf3 14. Qxf3 Nc6 15. Qg3 Qa5 0-1

[Event "Late-Titled-Tuesday-Blitz-February-27-2024"]
[Site "Chess.com"]
[Date "2024.02.27"]
[Round "3"]
[White "Arystanner"]
[Black "RantomOpening"]
[Result "1-0"]
[WhiteElo "2785"]
[BlackElo "2569"]
[TimeControl "180+1"]
[EndTime "14:24:48 PST"]
[Termination "Arystanner won by resignation"]

1. d4 d5 2. c4 e6 3. Nc3 Nf6 4. Bg5 c5 5. cxd5 cxd4 6. Qxd4 Be7 7. e4 exd5 8. exd5 Nxd5 9. Nxd5 Bxg5 10. Qxg7 Rf8 11.
Qe5+ Be6 12. Nc7+ Kd7 13. Rd1+ Kc8 14. Rxd8+ 1-0

[Event "Late-Titled-Tuesday-Blitz-February-27-2024"]
[Site "Chess.com"]
[Date "2024.02.27"]
[Round "3"]
[White "yuriydovzik"]
[Black "ATM622"]
[Result "0-1"]
[WhiteElo "2129"]
[BlackElo "2528"]
[TimeControl "180+1"]
[EndTime "14:24:53 PST"]
[Termination "ATM622 won by resignation"]

1. Nf3 Nf6 2. b3 d5 3. Bb2 c5 4. d4 Nbd7 5. e3 e6 6. Bd3 Bd6 7. Ne5 Qc7 8. f4 O-O 9. O-O cxd4 10. exd4 Ne4 11. c4 f6 12. c5 Ndxc5 13. dxc5 Qxc5+ 14. Kh1 Nf2+ 15. Rxf2 Qxf2 16. Ng4 Qxb2 0-1

[Event "Late-Titled-Tuesday-Blitz-February-27-2024"]
[Site "Chess.com"]
[Date "2024.02.27"]
[Round "3"]
[White "MikeSailer"]
[Black "szachmistrz2500"]
[Result "0-1"]
[WhiteElo "2184"]
[BlackElo "2420"]
[TimeControl "180+1"]
[EndTime "14:24:58 PST"]
[Termination "szachmistrz2500 won by checkmate"]

1. d4 Nf6 2. Nf3 d5 3. Bf4 c5 4. e3 a6 5. Nbd2 Nc6 6. dxc5 Qa5 7. Be2 e6 8. O-O Bxc5 9. Nb3 Qb6 10.
Nxc5 Qxc5 11. a3 O-O 12. b4 Qe7 13. c4 Rd8 14. c5 h6 15. Bd6 Qe8 16. Nd4 Ne4 17.
Nxc6 bxc6 18. Bc7 Rd7 19. Bb6 Nc3 20. Qc2 Nxe2+ 21. Qxe2 e5 22. f4 exf4 23. Rxf4 Re7 24. Qf2 Rxe3 25. Rxf7 Qxf7 26. Qxe3 Bf5 27. Re1 Be4 28.
Rf1 Qg6 29. Qf4 Kh7 30. Bc7 Qxg2# 0-1

[Event "Late-Titled-Tuesday-Blitz-February-27-2024"]
[Site "Chess.com"]
[Date "2024.02.27"]
[Round "3"]
[White "Cambek64"]
[Black "MyDream003"]
[Result "0-1"]
[WhiteElo "2483"]
[BlackElo "2718"]
[TimeControl "180+1"]
[EndTime "14:25:03 PST"]
[Termination "MyDream003 won by resignation"]

1. e4 c6 2. g3 d5 3. Bg2 dxe4 4. Bxe4 Nf6 5. Bg2 Bg4 6. Bf3 Bxf3 7. Nxf3 Nbd7 8. d4 e6 9. O-O Be7 10. c4 O-O 11.
Nc3 Qb6 12. Qe2 Rfe8 13. b3 Nf8 14. Bb2 Ng6 15. Rfe1 a6 16. Qc2 Qc7 17. Rad1 Rac8 18. Ne4 Nxe4 19. Qxe4 Bf6 20. Ne5 Rcd8 21. h4 Nxe5 22.
dxe5 Be7 23. Bd4 Qa5 24. Qc2 Rxd4 0-1

[Event "Late-Titled-Tuesday-Blitz-February-27-2024"]
[Site "Chess.com"]
[Date "2024.02.27"]
[Round "3"]
[White "FairChess_on_YouTube"]
[Black "BardArtem"]
[Result "1-0"]
[WhiteElo "3112"]
[BlackElo "2738"]
[TimeControl "180+1"]
[EndTime "14:25:13 PST"]
[Termination "FairChess_on_YouTube won by resignation"]

1. c4 Nf6 2. Nc3 e6 3. e4 e5 4.
Nf3 Nc6 5. Be2 Bc5 6. Nxe5 Nxe5 7. d4 Bxd4 8. Qxd4 d6 9. Bg5 h6 10. Bh4 Be6 11. O-O-O Ng6 12. Bxf6 Qxf6 13. Qxf6 gxf6 14. g3 Ne7 15. f4 O-O-O 16. f5 Bd7 17. Bh5 Rdf8 18. Kd2 Rhg8 19. Ke3 Rg5 20. g4 Rg7 21.
Kf4 Bc6 22. b4 Kd8 23. c5 Kd7 24. b5 1-0

[Event "Late-Titled-Tuesday-Blitz-February-27-2024"]
[Site "Chess.com"]
[Date "2024.02.27"]
[Round "3"]
[White "masterofpuppets2"]
[Black "DonkyDonkyDonkey"]
[Result "0-1"]
[WhiteElo "2518"]
[BlackElo "2904"]
[TimeControl "180+1"]
[EndTime "14:25:15 PST"]
[Termination "DonkyDonkyDonkey won by checkmate"]

1. d4 Nf6 2. c4 g6 3. h4 c5 4. d5 b5 5. cxb5 a6 6. bxa6 Bxa6 7. Nc3 d6 8. e4 Bxf1 9. Kxf1 Bg7 10. g3 O-O 11.
Kg2 Nbd7 12. Nf3 Qb6 13. a4 Rfb8 14. Re1 Ng4 15. Nb5 h5 16. Ra2 c4 17. Qe2 Nc5 18. Bg5 Nxa4 19. Nc3 Bxc3 20. bxc3 Nxc3 21. Rxa8 Rxa8 22.
Qc2 Ra2 23. Qxc3 Qxf2+ 24. Kh1 Qg2# 0-1

[Event "Late-Titled-Tuesday-Blitz-February-27-2024"]
[Site "Chess.com"]
[Date "2024.02.27"]
[Round "3"]
[White "Akhayan"]
[Black "Yurovskykh_Oleksandr"]
[Result "1/2-1/2"]
[WhiteElo "2428"]
[BlackElo "2676"]
[TimeControl "180+1"]
[EndTime "14:25:16 PST"]
[Termination "Game drawn by repetition"]

1. e4 e6 2. d4 d5 3. Nc3 dxe4 4. Nxe4 Bd7 5. Bd3 Bc6 6. Qe2 Nd7 7. Nf3 Ngf6 8. O-O Nxe4 9. Bxe4 Bxe4 10. Qxe4 c6 11. Qg4 Nf6 12. Qg3 g6 13. c3 Bg7 14. Bg5 h6 15. Be3 Qd5 16. Ne5 Nh5 17.
Qg4 Nf6 18. Qg3 Nh5 19. Qg4 Nf6 20. Qg3 1/2-1/2

[Event "Late-Titled-Tuesday-Blitz-February-27-2024"]
[Site "Chess.com"]
[Date "2024.02.27"]
[Round "3"]
[White "The_Straightforward_Rook"]
[Black "QuintilianoR"]
[Result "0-1"]
[WhiteElo "2490"]
[BlackElo "2757"]
[TimeControl "180+1"]
[EndTime "14:25:24 PST"]
[Termination "QuintilianoR won by resignation"]

1. d4 Nf6 2. Nf3 e6 3. e3 c5 4. c3 Nc6 5. Nbd2 d5 6. Bd3 Bd6 7. dxc5 Bxc5 8. b4 Bd6 9. b5 Ne5 10. Nxe5 Bxe5 11. Qb3 O-O 12. Ba3 Re8 13. O-O Qc7 14. f4 Bd6 15. c4 Bd7 16. Rac1 Bxa3 17. Qxa3 dxc4 18. Bxc4 Qb6 19. Nf3 Bxb5 20. Rb1 Bxc4 21.
Rxb6 axb6 22. Qb4 Bxf1 23. Kxf1 Rxa2 24. Qxb6 Nd5 25. Qxb7 Nxe3+ 26. Ke1 Rd8 27. Nd4 h6 28. Qe4 Rxd4 29. Qxe3 Rb4 30. Qc3 Rb1+ 0-1

[Event "Late-Titled-Tuesday-Blitz-February-27-2024"]
[Site "Chess.com"]
[Date "2024.02.27"]
[Round "3"]
[White "Roberz12"]
[Black "GilbertoHernandezAmura"]
[Result "1-0"]
[WhiteElo "2606"]
[BlackElo "2407"]
[TimeControl "180+1"]
[EndTime "14:25:30 PST"]
[Termination "Roberz12 won by resignation"]

1. g3 d5 2. Nf3 Nf6 3. Bg2 g6 4. O-O Bg7 5. d4 O-O 6. c4 c6 7. Bf4 Nbd7 8. Nc3 dxc4 9. e4 b5 10. Qe2 e6 11. Rad1 Qa5 12. a3 b4 13. axb4 Qxb4 14. Ra1 Nh5 15. Bd2 Qxb2 16. Rfb1 Qc2 17. Ne1 Qxb1 18. Rxb1 Bxd4 19. Qxc4 e5 20. Qxc6 Ndf6 21.
Qxa8 Ng4 22. Nd3 1-0